 Dungeon Crawl Stone Soup version 0.31-a0-300-g4ac5daa9c1 (webtiles) character file.

Game seed: 5140130487175882085

75545048 Sapher the Heavyweight Champion (level 27, 341/341 HPs)
             Began as a Troll Shapeshifter on July 15, 2023.
             Was the Champion of Cheibriados.
             Escaped with the Orb
             ... and 15 runes on July 17, 2023!
             The game lasted 07:14:14 (18962 turns).

Sapher the Heavyweight Champion (TrSh)             Turns: 18962, Time: 07:14:15

Health: 341/341    AC: 35    Str: 56    XL:     27
Magic:  37/37      EV: 11    Int: 27    God:    Cheibriados [******]
Gold:   750        SH: 27    Dex: 23    Spells: 31/48 levels left

rFire   + +          .
                       - Unarmed
rCold   + + .        d - +8 tower shield {AC+3}
rNeg    + + +        V - +8 shadow dragon scales of Benevolence {Fly Int+2 Dex+2 SInv Stlth++++}
rPois   ∞            W - +2 hat
rElec   +            P - +3 cloak of Classification {rF+ rC+ Dex-4 Stlth+}
rCorr   .            (gloves unavailable)
SInv    +            (boots unavailable)
Will    +++..        D - amulet of magic regeneration
Stlth   +            u - ring "Noyty" {+Blink rElec rPois Int+6 Stlth-}
HPRegen 1.56/turn    F - ring of protection from fire
MPRegen 0.65/turn

%: no passive effects
@: death-form, flying, very slow
A: vile attack, torment immunity, no potions, large, unfitting armour, claws 3,
regeneration 1, shaggy fur 1, tough skin 1, robust 1
0: Orb of Zot
}: 15/15 runes: decaying, serpentine, slimy, silver, golden, iron, obsidian,
icy, bone, abyssal, demonic, glowing, magical, fiery, dark
a: Siphon Essence, Begin Untransformation, Renounce Religion, Evoke Blink, Bend
Time, Temporal Distortion, Slouch, Step From Time


You escaped.
You worshipped Cheibriados.
Cheibriados was exalted by your worship.
You were an undying horror.
You visited 16 branches of the dungeon, and saw 83 of its levels.
You visited Pandemonium 1 time, and saw 24 of its levels.
You visited the Abyss 2 times.
You also visited: Wizlab.

You collected 3802 gold pieces.
You spent 3052 gold pieces at shops.

Inventory:

Hand Weapons
 m - a +2 short sword of distortion
Missiles
 f - 4 boomerangs (quivered)
 p - 32 large rocks
 r - 12 boomerangs of dispersal
 C - 3 silver boomerangs
 N - a throwing net
Armour
 d - a +8 tower shield of protection (worn)
 j - +0 swamp dragon scales
 A - a +0 troll leather armour
 P - the +3 cloak of Classification (worn) {rF+ rC+ Dex-4 Stlth+}
   (You found it in a wizard's laboratory)

   Dex:       It affects your dexterity (-4).
   rF:        It protects you from fire.
   rC:        It protects you from cold.
   Stlth:     It makes you more stealthy.
 V - the +8 shadow dragon scales of Benevolence (worn) {Fly Int+2 Dex+2 SInv Stlth++++}
   (You acquired it in Pandemonium)

   Int:       It affects your intelligence (+2).
   Dex:       It affects your dexterity (+2).
   SInv:      It lets you see invisible.
   Fly:       It grants you flight.
   Stlth:     It makes you much more stealthy.
 W - a +2 hat (worn)
Jewellery
 a - the ring of Springtime {rC+ SInv}
   (You found it in Pandemonium)

   [ring of protection from cold]

   rC:        It protects you from cold.
   SInv:      It lets you see invisible.
 c - the ring "Naofof Ufolu" {Will++ rCorr Str+4}
   (You found it on level 3 of the Snake Pit)

   [ring of resist corrosion]

   Str:       It affects your strength (+4).
   rCorr:     It protects you from acid and corrosion.
   Will:      It greatly increases your willpower.
 u - the ring "Noyty" (left claw) {+Blink rElec rPois Int+6 Stlth-}
   (You found it on level 7 of the Iron City of Dis)

   [ring of intelligence]

   Int:       It affects your intelligence (+6).
   rElec:     It insulates you from electricity.
   rPois:     It protects you from poison.
   +Blink:    It lets you blink.
   Stlth:     It makes you less stealthy.
 v - a ring of see invisible
 D - an amulet of magic regeneration (around neck)
 F - a ring of protection from fire (right claw)
 Q - the ring "Jaext" {Fly rCorr}
   (You found it in a wizard's laboratory)

   [ring of flight]

   Fly:       It grants you flight.
   rCorr:     It protects you from acid and corrosion.
 Z - a ring of wizardry
Talismans
 o - a storm talisman
 y - a talisman of death
 E - a granite talisman
 Y - a dragon-blood talisman
Wands
 g - a wand of acid (19)
 n - a wand of paralysis (19)
 x - a wand of iceblast (11)
Scrolls
 e - a scroll of silence
 h - 3 scrolls of teleportation
 k - a scroll of butterflies
 q - a scroll of amnesia
 s - 2 scrolls of vulnerability
 B - a scroll of fear
 I - a scroll of identify
 J - 2 scrolls of enchant armour
 M - a scroll of brand weapon
Potions
 b - 8 potions of lignification
 i - 9 potions of curing
 l - a potion of haste
 w - 2 potions of cancellation
 z - 4 potions of mutation
 H - 8 potions of heal wounds
 K - 3 potions of brilliance
 S - a potion of magic
 T - a potion of might
 X - a potion of attraction
Miscellaneous
 U - a tin of tremorstones (2/2)


   Skills:
 + Level 24.3 Fighting
 - Level 14.1 Throwing
 - Level 10.0 Armour
 - Level 6.0 Dodging
 - Level 10.0 Shields
 O Level 27 Unarmed Combat
 - Level 11.4 Spellcasting
 - Level 20.5 Translocations
 - Level 7.0 Invocations
 - Level 21.0 Shapeshifting


You had 31 spell levels left.
You knew the following spells:

 Your Spells              Type           Power      Damage    Failure   Level
a - Passwall              Tmut/Erth      12%        N/A       22%         2
l - Lesser Beckoning      Tloc           100%       N/A       0%          2
m - Manifold Assault      Tloc           90%        N/A       1%          4
n - Apportation           Tloc           100%       N/A       0%          1
w - Wereblood             Tmut           15%        N/A       22%         2
z - Passage of Golubria   Tloc           90%        N/A       1%          4
B - Blink                 Tloc           100%       N/A       0%          2

Your spell library contained the following spells:

 Spells                   Type           Power      Damage    Failure   Level
 Momentum Strike          Conj/Tloc      100%       3d10      1%          2
 Dispersal                Tloc           45%        N/A       1%          6
 Kiss of Death            Conj/Necr      60%        2d10      14%         1
 Necrotise                Necr           60%        1d7       14%         1
 Disjunction              Tloc           45%        N/A       21%         8
 Cigotuvi's Dreadful Rot  Necr/Pois/Air  30%        N/A       22%         2
 Ensorcelled Hibernation  Hex/Ice        30%        N/A       22%         2
 Poisonous Vapours        Pois/Air       30%        N/A       22%         2
 Sublimation of Blood     Necr           15%        N/A       22%         2
 Frozen Ramparts          Ice            30%        1d5       38%         3
 Ignite Poison            Fire/Tmut/Pois 15%        N/A       38%         3
 Inner Flame              Hex/Fire       15%        N/A       38%         3
 Mephitic Cloud           Conj/Pois/Air  15%        N/A       38%         3
 Ozocubu's Armour         Ice            15%        N/A       38%         3
 Swiftness                Air            15%        N/A       38%         3
 Tukima's Dance           Hex            15%        N/A       38%         3
 Vampiric Draining        Necr           15%        2d7       38%         3
 Animate Dead             Necr           15%        N/A       80%         4
 Cause Fear               Hex            7%         N/A       80%         4
 Leda's Liquefaction      Hex/Erth       7%         N/A       80%         4
 Sticky Flame             Conj/Fire      15%        2d4       80%         4
 Agony                    Necr           15%        N/A       98%         5
 Alistair's Intoxication  Tmut/Pois      10%        N/A       98%         5
 Borgnjor's Vile Clutch   Necr/Erth      7%         N/A       98%         5
 Fireball                 Conj/Fire      7%         3d5       98%         5
 Freezing Cloud           Conj/Ice/Air   7%         6-21      98%         5
 Irradiate                Conj/Tmut      7%         3d14      98%         5
 Iskenderun's Battlesphe  Conj           15%        2d7       98%         5
 Lee's Rapid Deconstruct  Erth           7%         3d7*      98%         5
 Silence                  Hex/Air        7%         N/A       98%         5
 Yara's Violent Unravell  Hex/Tmut       7%         3d5       98%         5
 Conjure Ball Lightning   Conj/Air       7%         3x3d6     100%        6
 Death Channel            Necr           7%         N/A       100%        6
 Eringya's Noxious Bog    Tmut/Pois      7%         4d6       100%        6
 Leda's Unmaking          Conj/Erth      7%         9d2       100%        6
 Orb of Destruction       Conj           7%         9d6       100%        7
 Summon Hydra             Summ           7%         N/A       100%        7
 Ignition                 Fire           7%         3d5       100%        8
 Lehudib's Crystal Spear  Conj/Erth      7%         10d3      100%        8
 Maxwell's Capacitive Co  Air            7%         ∞         100%        8
 Dragon's Call            Summ           7%         N/A       100%        9


Dungeon Overview and Level Annotations

Branches:
Dungeon (15/15)            Temple (1/1) D:6            Lair (5/5) D:8
  Swamp (4/4) Lair:2        Snake (4/4) Lair:3        Slime (5/5) Lair:4
 Vaults (5/5) D:14          Crypt (3/3) Vaults:2       Tomb (3/3) Crypt:3
 Depths (4/4) D:15           Hell (visited)             Dis (7/7) Hell
    Geh (7/7) Hell            Coc (7/7) Hell            Tar (7/7) Hell
    Zot (5/5) Depths:4     WizLab (visited)
    Orc: D:9-12

Altars:
Ashenzari
Cheibriados
Dithmenos
Fedhas
Gozag
Hepliaklqana
Kikubaaqudgha
Makhleb
Nemelex Xobeh
Okawaru
Qazlal
Ru
Sif Muna
Trog
Uskayaw
Vehumet
Wu Jian
Xom
Yredelemnul

Shops:
D:2 :   D:6 ?   D:12 *   Snake:2 !   Snake:3 ?[   Vaults:2 *   Vaults:4 *
Vaults:5 ==!!!   Depths:1 [   Depths:2 (   Depths:4 (

Portals:
Hell: Depths:1 Depths:2
Pandemonium: Depths:2

Annotations:
D:3 Terence
D:11 2 transporters, gruber's ghost, journeyman TrSh
D:13 1 transporter
Vaults:3 4 exclusions
Crypt:2 1 runed translucent door, Caish's ghost, veteran VSSu


Innate Abilities, Weirdness & Mutations

You are an undying horror.
Your melee and unarmed attacks drain, slow and weaken victims.
You are immune to unholy pain and torment.
You cannot drink.
You are immune to poison.
You are too large for most types of armour.
You have claws for hands.
Your natural rate of healing is unusually fast.
You are covered in fur. (AC +1)
You have tough skin. (AC +1)
You are robust. (+10% HP)


Message History

Blink to where?
Press: ? - help, Dir - move target An endoplasm comes into view.
As you read the scroll of blinking, it crumbles to dust.
The endoplasm quivers.
Casting: Passwall (safe; 22% risk of failure)
Confirm with . or Enter, or press ? or * to list all spells.
Aiming: Passwall (safe; 22% risk of failure)
Press: ? - help, Dir - move target A rock wall.
This square is covered in magical glow.
You block the endoplasm's attack.
You begin to meditate on the wall.
You continue meditating on the rock.
You block the bat's attack. You block the endoplasm's attack.
You continue meditating on the rock.
You block the bat's attack. The endoplasm freezes you.
You are frozen.
You resist.
You finish merging with the rock.
The endoplasm jiggles.
Blink to where?
Press: ? - help, Dir - move target
As you read the scroll of blinking, it crumbles to dust.
Casting: Passwall (safe; 22% risk of failure)
Confirm with . or Enter, or press ? or * to list all spells.
Aiming: Passwall (safe; 22% risk of failure)
Press: ? - help, Dir - move target A rock wall.
This square is covered in magical glow.
You begin to meditate on the wall.
You continue meditating on the rock.
You block the bat's attack.
You continue meditating on the rock.
Magic restored.
You finish merging with the rock.
You block the bat's attack. You block the bat's attack. x2
There is a staircase leading out of the dungeon here.
Unknown command.
You block the bat's attack.
You have escaped!

#.# .# ####
#.####.####
#.#........ ##### ###
#......# #.... ..#
#.8.8### #.### ..###
#.#.##### # #.#
....#######.#.#.#.#.#
#.###
S....S.J...b#.......#
#....
..#.#######.#...z...#
##### ..#.#
#.#...b...# ..#.#
#.#.#.#.#.# ###..
..#.##### # ### ###.#
#.# #.# #..


You could see a bat.

Vanquished Creatures
  Cerebov (Pan)
  9 pandemonium lords
  Antaeus (Coc:7)
  Asmodeus (Geh:7)
  the Royal Jelly (Slime:5)
  Gloorx Vloq (Pan)
  Ereshkigal (Tar:7)
  Lom Lobon (Pan)
  Dispater (Dis:7)
  Mnoleg (Pan)
  10 dread liches
  4 ancient liches
  2 juggernauts
  5 orbs of fire
  Mennas (Tomb:2)
  Josephina (Crypt:2)
  7 royal mummies
  6 Killer Klowns
  A curse toe (Zot:5)
  13 shard shrikes
  12 caustic shrikes
  Geryon (Hell)
  6 golden dragons
  8 profane servitors
  8 bone dragons
  11 hellephants
  21 Brimstone Fiends
  2 electric golems (Zot:5)
  14 Tzitzimimeh
  3 doom hounds (Tar:1)
  A shard shrike zombie (Tomb:3)
  A spectral shard shrike (Tar:5)
  26 Orb Guardians
  14 tentacled monstrosities
  6 tainted leviathans
  22 Hell Sentinels
  18 Ice Fiends
  3 iron giants (Dis:7)
  16 searing wretches
  2 deep elf blademasters (Abyss:3)
  14 titans
  6 quicksilver dragons
  11 liches
  32 ancient champions
  8 death cobs
  21 Executioners (Pan)
  Frances (D:12)
  A tentacled starspawn (Abyss:5)
  15 acid blobs
  An eldritch tentacle (WizLab)
  Agnes (D:15)
  5 shadow dragons
  8 sphinxes
  Roxanne (Swamp:1)
  6 tengu reavers
  2 thorn hunters (Swamp:4)
  7 storm dragons
  A daeva (Abyss:5)
  12 rockslimes
  3 draconian monks
  9 demonspawn warmongers
  4 nagarajas
  6 azure jellies
  2 revenants
  2 deep elf sorcerers (Abyss:3)
  4 frost giants
  4 draconian scorchers
  9 fire giants
  2 fenstrider witches
  12 narguns
  7 quicksilver elementals
  6 draconian knights
  Louise (Snake:2)
  11 iron dragons
  41 balrugs
  A caustic shrike zombie (Tomb:2)
  7 shard shrike simulacra
  6 draconian shifters
  11 ironbound preservers
  5 draconian stormcallers
  A ghost moth (Zot:2)
  A ghoul (Crypt:3)
  14 vault wardens
  The ghost of Fypuno Aqar the Pyromancer, an adept DEFE of Elyvilon (Vaults:2)
  10 cacodemons (Pan)
  4 curse skulls
  2 demonspawn blood saints (Pan)
  7 quicksilver oozes
  5 draconian annihilators
  2 juggernaut zombies
  19 reapers
  A formless jellyfish (Vaults:2)
  7 demonspawn corrupters (Pan)
  6 stone giants
  25 war gargoyles
  A juggernaut skeleton (Crypt:2)
  6 ironbound thunderhulks
  21 very ugly things
  2 deep elf demonologists (Vaults:5)
  3 spectral titans
  28 elemental wellsprings
  9 red draconians
  2 vampire knights
  2 bennus (Tomb:3)
  6 green draconians
  2 putrid mouths
  8 lorocyprocas (Pan)
  A bunyip (shapeshifter) (Vaults:5)
  11 black draconians
  5 bunyips
  3 deep elf annihilators
  4 purple draconians
  5 white draconians
  15 dire elephants
  8 wendigos
  3 demonspawn black suns (Pan)
  6 eleionomae
  16 yellow draconians
  8 iron golems
  6 eidola
  8 green deaths (Pan)
  2 deep elf death magi
  15 blizzard demons
  14 mummy priests
  3 crystal guardians
  6 ettins
  The ghost of Sapher the Grappler, a journeyman TrSh of Cheibriados (Lair:1)
  2 spectral iron giants
  4 rakshasas
  4 shambling mangroves
  11 yaktaur captains
  9 jiangshi
  2 peacekeepers
  34 vault guards
  2 deep elf high priests (Vaults:5)
  9 great orbs of eyes
  17 hydras
  An ice dragon (Depths:2)
  A spectral spriggan (Tar:1)
  A fenstrider witch zombie (Crypt:2)
  4 juggernaut simulacra
  8 caustic shrike simulacra
  2 stokers (Geh:7)
  9 centaur warriors
  A spriggan air mage (Depths:4)
  2 spriggan skeletons
  11 salamander tyrants
  3 catoblepae
  6 hell beasts
  7 ironbound frosthearts
  3 anacondas
  2 death knights (Crypt:1)
  4 boulder beetles
  A two-headed ogre (D:9)
  3 alligators
  6 deep troll earth magi
  10 hell hogs
  15 naga warriors
  5 vampire magi
  2 tengu warriors
  A thrashing horror (WizLab)
  8 demonic crawlers
  60 death scarabs
  4 deep troll shamans
  10 dancing weapons
  A spectral dire elephant (Tar:1)
  14 hell knights
  A deep elf knight (WizLab)
  6 naga sharpshooters (Snake:4)
  57 sun demons
  6 spriggan berserkers
  6 shock serpents
  A wretched star (Abyss:5)
  11 crystal echidnas
  Sonja (D:11)
  A golden dragon zombie (D:15)
  21 skeletal warriors
  3 iron trolls
  20 soul eaters
  3 flayed ghosts
  18 shadow wraiths
  2 storm dragon skeletons
  A spriggan druid (Swamp:4)
  6 salamander mystics
  8 sixfirhies
  A deep troll (shapeshifter) (Vaults:5)
  2 goliath frogs (Swamp:4)
  24 deep trolls
  3 glowing orange brains
  5 shadow demons
  3 bog bodies
  6 phantasmal warriors
  7 naga ritualists
  An orb spider (shapeshifter) (Vaults:4)
  8 wizards
  3 quicksilver dragon simulacra
  A bunyip skeleton (Pan)
  A spriggan simulacrum (Coc:4)
  A deep elf pyromancer (D:10)
  9 swamp dragons (Swamp:4)
  8 necromancers
  13 lindwurms
  12 ironbound convokers
  4 mana vipers
  An obsidian statue (WizLab)
  3 harpies (Vaults:1)
  A wolf spider (Vaults:5)
  2 spectral ettins
  4 orc knights
  An anaconda skeleton (WizLab)
  2 frost giant zombies (D:15)
  A stone giant zombie (Crypt:2)
  27 ugly things
  A glowing shapeshifter (Vaults:5)
  An iron dragon zombie (Tar:6)
  A manticore (D:11)
  2 will-o-the-wisps
  6 salamanders
  A spectral alligator snapping turtle (Tar:1)
  A shining eye (Slime:5)
  13 rust devils
  8 moths of wrath
  3 worldbinders (Abyss:3)
  2 cyclopes
  23 black mambas
  A water nymph (Abyss:3)
  4 elephants
  15 vault sentinels
  2 eyes of devastation
  4 molten gargoyles (Hell)
  33 smoke demons
  12 naga magi
  3 titan simulacra
  3 guardian serpents
  11 orange demons
  2 gargoyles (D:8)
  28 hellions
  4 cane toads
  A kobold demonologist (D:9)
  2 unseen horrors (Tar:7)
  2 rime drakes
  5 freezing wraiths
  15 tormentors
  18 yaktaurs
  A bunyip simulacrum (Crypt:2)
  6 efreet (Pan)
  8 komodo dragons
  Maggie (D:7)
  3 anaconda simulacra
  7 iron giant simulacra
  A tengu conjurer (Depths:4)
  A spectral harpy (Tar:1)
  5 ice devils
  2 golden dragon simulacra
  A harpy zombie (Tar:6)
  2 polar bears (Lair:2)
  38 guardian mummies
  4 ancient zymes
  A red devil (Depths:2)
  An iron troll skeleton (Crypt:2)
  16 hellwings
  4 trolls
  2 tyrant leeches
  15 hornets
  2 harpy skeletons (Pan)
  A raiju (Depths:2)
  15 blink frogs
  A blink frog (shapeshifter) (Vaults:2)
  A fire dragon zombie (Crypt:3)
  A snapping turtle (shapeshifter) (Vaults:5)
  An iron dragon simulacrum (Coc:6)
  An ettin skeleton (Pan)
  2 centaur simulacra (Hell)
  26 large abominations
  47 slime creatures
  8 flying skulls
  10 spriggans
  5 stone giant simulacra
  4 wraiths
  8 dire elephant simulacra
  An air elemental (WizLab)
  6 vampires
  3 wyverns
  31 yaks
  6 fire bats
  5 water elementals
  14 ynoxinuls (Pan)
  12 ushabtiu
  2 fire elementals (WizLab)
  A naga simulacrum (Coc:7)
  2 alligator snapping turtle simulacra
  10 chaos spawn
  9 golden eyes
  9 vampire mosquitoes
  2 basilisks
  22 neqoxecs
  2 steam dragons
  Menkaure (D:5)
  12 nagas
  3 spatial vortices (WizLab)
  12 harpy simulacra
  A warg (Vaults:5)
  A naga zombie (Tar:6)
  10 swamp worms
  5 water moccasins
  2 hydra simulacra
  2 acid dragons
  6 swamp drakes (Swamp:4)
  2 black bears
  12 orc warriors
  A sky beast (shapeshifter) (Vaults:5)
  An ice beast (D:7)
  2 ettin simulacra (Coc:6)
  10 centaurs
  2 ogres
  A boggart (WizLab)
  A phantom (D:3)
  2 kobold brigands
  5 bullfrogs
  Blork the orc (D:6)
  2 necrophages (Crypt:3)
  A gnoll sergeant (D:8)
  The ghost of Shym the Sneak, an amateur FeEn (D:5)
  2 scorpions
  4 wights (D:6)
  10 killer bees
  4 small abominations
  4 howler monkeys
  An electric eel (Lair:3)
  3 lava snakes (Lair:3)
  2 centaur zombies (D:5)
  3 hounds
  A basilisk zombie (Crypt:2)
  A gnoll bouda (D:5)
  6 orc priests
  2 iron imps
  4 starcursed masses
  A boggart zombie (Crypt:2)
  11 hell rats
  5 orc wizards
  An ogre zombie (Crypt:1)
  22 mummies
  13 gnolls
  3 adders
  2 ufetubi
  A worm zombie (Crypt:2)
  2 dart slugs
  40 orcs
  2 ball pythons (D:1)
  A bat (D:2)
  4 endoplasms
  2 goblins (D:1)
  4 hobgoblins
  4 jackals (D:1)
  A quokka (D:1)
  A frilled lizard (D:2)
  4 kobolds (D:7)
  3 rats
  A ball lightning (Pan)
  4 creeping infernos
  7 fire vortices
  A starspawn tentacle (Abyss:5)
2431 creatures vanquished.

Vanquished Creatures (others)
  3 eldritch tentacles
  A shard shrike simulacrum (Coc:7)
  A wendigo (Coc:3)
  3 caustic shrike simulacra
  2 juggernaut simulacra
  An alligator (Swamp:3)
  A sixfirhy (Pan)
  A phantasmal warrior (Crypt:2)
  A spriggan simulacrum (Coc:7)
  A rust devil (Hell)
  An iron giant simulacrum (Coc:7)
  2 anaconda simulacra
  4 bloated husks
  A stone giant simulacrum (Coc:2)
  A neqoxec (Pan)
  An orc warrior (Vaults:5)
  An ettin simulacrum (Coc:4)
  2 naga simulacra (Crypt:2)
  An orc (Vaults:5)
  A ball lightning (Pan)
  A creeping inferno (Geh:7)
  A fire vortex (Pan)
  2 foxfires (Swamp:4)
  A lurking horror (Abyss:5)
  A starspawn tentacle (Abyss:5)
36 creatures vanquished.

Grand Total: 2467 creatures vanquished

Notes
Turn   | Place    | Note
-------+----------+-------------------------------------------
     0 | D:1      | Sapher the Troll Shapeshifter began the quest for the Orb.
     0 | D:1      | Reached XP level 1. HP: 19/19 MP: 0/0
    31 | D:1      | Reached XP level 2. HP: 28/28 MP: 1/1
   129 | D:1      | You fall into a shaft and drop 1 floor!
   167 | D:2      | Found Luonobb's Book Boutique.
   213 | D:3      | Noticed Terence
   228 | D:2      | Found a radiant altar of Vehumet.
   237 | D:2      | Reached XP level 3. HP: 33/35 MP: 2/2
   252 | D:2      | Reached skill level 3 in Unarmed Combat
   297 | D:2      | You fall into a shaft and drop 2 floors!
   332 | D:5      | Entered Level 5 of the Dungeon
   460 | D:5      | Reached XP level 4. HP: 34/42 MP: 3/3
   470 | D:5      | Found a runed translucent gate.
   470 | D:5      | Found a runed translucent gate.
   470 | D:5      | Found a runed translucent gate.
   470 | D:5      | Noticed Shym's ghost (amateur FeEn)
   473 | D:5      | Gained mutation: Your spells are a little easier to cast,
                  | but a little less powerful. [potion of mutation]
   473 | D:5      | Gained mutation: Your movements are slightly less
                  | encumbered by armour. (ER -2) [potion of mutation]
   473 | D:5      | Gained mutation: You occasionally lose the ability to drink
                  | potions when taking damage. [potion of mutation]
   479 | D:5      | Reached skill level 4 in Unarmed Combat
   479 | D:5      | Reached XP level 5. HP: 16/50 MP: 4/4
   479 | D:5      | Found a basalt altar of Yredelemnul.
   520 | D:5      | Killed Shym's ghost
   548 | D:5      | Reached XP level 6. HP: 59/59 MP: 5/5
   587 | D:5      | Found a hazy altar of Hepliaklqana.
   587 | D:5      | Found a burning altar of Makhleb.
   762 | D:5      | Noticed Menkaure
   768 | D:5      | Killed Menkaure
   769 | D:5      | Reached skill level 5 in Unarmed Combat
   782 | D:6      | Found a stormy altar of Qazlal.
   806 | D:6      | Reached XP level 7. HP: 20/67 MP: 6/6
   823 | D:6      | Reached skill level 6 in Unarmed Combat
  1016 | D:6      | Reached XP level 8. HP: 78/78 MP: 7/7
  1031 | D:6      | Found a shadowy altar of Dithmenos.
  1061 | D:6      | Found Tumoynas's Magic Scroll Shop.
  1103 | D:7      | Noticed Maggie
  1113 | D:7      | Killed Maggie
  1114 | D:7      | Reached skill level 7 in Unarmed Combat
  1114 | D:7      | Reached skill level 5 in Shapeshifting
  1265 | D:7      | Reached skill level 8 in Unarmed Combat
  1280 | D:7      | Found a broken altar of Ashenzari.
  1372 | D:5      | Learned a level 2 spell: Passwall
  1430 | D:6      | Noticed Blork the orc
  1436 | D:6      | Killed Blork the orc
  1451 | D:6      | Found a staircase to the Ecumenical Temple.
  1461 | D:6      | Reached skill level 5 in Fighting
  1473 | Temple   | Entered the Ecumenical Temple
  1477 | Temple   | Became a worshipper of Cheibriados the Contemplative
  1573 | D:8      | Reached XP level 9. HP: 80/88 MP: 8/8
  1613 | D:8      | Noticed a gargoyle
  1618 | D:8      | Killed a gargoyle
  1619 | D:8      | Reached skill level 1 in Spellcasting
  1653 | D:8      | Noticed a gargoyle
  1657 | D:8      | Killed a gargoyle
  1784 | D:9      | Noticed a troll
  1795 | D:9      | Killed a troll
  1796 | D:9      | Reached skill level 9 in Unarmed Combat
  1833 | D:9      | Noticed a two-headed ogre
  1838 | D:9      | Killed a two-headed ogre
  1910 | D:9      | Noticed a kobold demonologist
  1918 | D:9      | Noticed a sixfirhy
  1919 | D:9      | Noticed a smoke demon
  1920 | D:9      | Killed a kobold demonologist
  1920 | D:9      | Reached * piety under Cheibriados
  1922 | D:10     | Entered Level 10 of the Dungeon
  1933 | D:10     | Found a radiant altar of Vehumet.
  1949 | D:11     | Noticed a brown ugly thing
  1995 | D:10     | Reached XP level 10. HP: 98/98 MP: 12/12
  2031 | D:10     | Learned a level 2 spell: Blink
  2036 | D:10     | Learned a level 4 spell: Manifold Assault
  2046 | D:10     | Reached skill level 1 in Invocations
  2054 | D:11     | Noticed a fire giant
  2054 | D:11     | Noticed a manticore
  2059 | D:11     | Noticed gruber's ghost (journeyman TrSh)
  2090 | D:10     | Found a hide-covered altar of Uskayaw.
  2093 | D:10     | Found an iron altar of Okawaru.
  2095 | D:10     | Found a sacrificial altar of Ru.
  2144 | D:11     | Noticed a boulder beetle
  2145 | D:11     | Noticed a skeletal warrior
  2147 | D:11     | Found a transporter.
  2153 | D:11     | Found a transporter.
  2223 | D:11     | Noticed a manticore
  2232 | D:11     | Killed a manticore
  2233 | D:11     | Reached skill level 1 in Translocations
  2237 | D:11     | Noticed Sonja
  2251 | D:11     | Killed Sonja
  2252 | D:11     | Reached skill level 10 in Unarmed Combat
  2337 | D:11     | Noticed an orc knight
  2348 | D:11     | Killed an orc knight
  2359 | D:11     | Reached ** piety under Cheibriados
  2452 | D:11     | Killed a brown ugly thing
  2453 | D:11     | Reached XP level 11. HP: 53/109 MP: 13/13
  2543 | D:10     | Noticed a stone giant
  2584 | D:10     | Found an ornate altar of the Wu Jian Council.
  2600 | D:10     | Noticed a deep elf pyromancer
  2604 | D:10     | Reached *** piety under Cheibriados
  2622 | D:10     | Killed a deep elf pyromancer
  2927 | D:8      | Found a staircase to the Lair.
  2938 | Lair:1   | Entered Level 1 of the Lair of Beasts
  2964 | Lair:2   | Reached **** piety under Cheibriados
  2974 | Lair:2   | Noticed a catoblepas
  2982 | Lair:2   | Killed a catoblepas
  3000 | Lair:2   | Found a staircase to the Swamp.
  3000 | Lair:2   | Noticed a bog body
  3007 | Lair:2   | Killed a bog body
  3065 | Lair:4   | Reached skill level 11 in Unarmed Combat
  3161 | Lair:4   | Found a staircase to the Slime Pits.
  3169 | Lair:5   | Entered Level 5 of the Lair of Beasts
  3173 | Lair:5   | Noticed a catoblepas
  3230 | Lair:3   | Reached skill level 5 in Invocations
  3242 | Lair:3   | Reached ***** piety under Cheibriados
  3243 | Lair:3   | Reached XP level 12. HP: 67/119 MP: 15/15
  3455 | Lair:2   | Noticed a catoblepas
  3466 | Lair:2   | Killed a catoblepas
  3664 | Lair:3   | Noticed a seven-headed hydra
  3664 | Lair:3   | Noticed a four-headed hydra
  3672 | Lair:3   | Killed an eight-headed hydra
  3673 | Lair:3   | Reached skill level 5 in Translocations
  3673 | Lair:3   | Killed a five-headed hydra
  3837 | Swamp:1  | Entered Level 1 of the Swamp
  3837 | Swamp:1  | Noticed Roxanne
  3837 | Swamp:1  | You fall into a shaft and drop 1 floor!
  3842 | Swamp:2  | Noticed a shambling mangrove
  3851 | Swamp:2  | Killed a shambling mangrove
  3856 | Swamp:2  | Reached skill level 12 in Unarmed Combat
  3881 | Swamp:1  | Noticed an eleionoma
  3881 | Swamp:1  | Noticed a fenstrider witch
  3882 | Swamp:1  | Noticed an eleionoma
  3892 | Swamp:1  | Killed an eleionoma
  3896 | Swamp:1  | Killed a fenstrider witch
  3924 | Swamp:1  | Noticed an eleionoma
  3926 | Swamp:1  | Noticed an alligator
  3931 | Swamp:1  | Killed an eleionoma
  3936 | Swamp:1  | Killed an alligator
  3937 | Swamp:1  | Reached XP level 13. HP: 35/131 MP: 10/18
  3941 | Swamp:1  | Killed an eleionoma
  3989 | Swamp:1  | Noticed a bunyip
  3996 | Swamp:1  | Killed a bunyip
  4064 | Swamp:1  | Killed Roxanne
  4088 | Swamp:2  | Reached skill level 10 in Shapeshifting
  4099 | Swamp:1  | Noticed an eleionoma
  4106 | Swamp:1  | Killed an eleionoma
  4110 | Swamp:2  | Lost mutation: You occasionally lose the ability to drink
                  | potions when taking damage. [potion of mutation]
  4110 | Swamp:2  | Lost mutation: Your spells are a little easier to cast, but
                  | a little less powerful. [potion of mutation]
  4110 | Swamp:2  | Lost mutation: Your movements are slightly less encumbered
                  | by armour. (ER -2) [potion of mutation]
  4110 | Swamp:2  | Gained mutation: You are somewhat resistant to further
                  | mutation. [potion of mutation]
  4115 | Swamp:2  | Noticed a bunyip
  4118 | Swamp:2  | Noticed a bunyip
  4123 | Swamp:2  | Killed a bunyip
  4124 | Swamp:2  | Killed a bunyip
  4167 | Swamp:4  | Entered Level 4 of the Swamp
  4195 | Swamp:4  | Noticed an eleionoma
  4202 | Swamp:4  | Killed an eleionoma
  4238 | Swamp:4  | Noticed a bunyip
  4243 | Swamp:4  | Killed a bunyip
  4261 | Swamp:4  | Noticed a thorn hunter
  4269 | Swamp:4  | Killed a thorn hunter
  4276 | Swamp:4  | Reached XP level 14. HP: 59/140 MP: 9/19
  4278 | Swamp:4  | Noticed a fenstrider witch
  4279 | Swamp:4  | Reached skill level 5 in Dodging
  4357 | Swamp:4  | Paralysed by a fenstrider witch for 2 turns
  4365 | Swamp:4  | Killed a fenstrider witch
  4375 | Swamp:4  | Noticed a thorn hunter
  4381 | Swamp:4  | Killed a thorn hunter
  4461 | Swamp:4  | Reached ****** piety under Cheibriados
  4493 | Swamp:4  | Got a decaying rune of Zot
  4592 | Lair:3   | Sapher: new entrance...ok, crawl
  4603 | Lair:3   | Found a staircase to the Snake Pit.
  4620 | Snake:1  | Entered Level 1 of the Snake Pit
  4669 | Snake:2  | Identified the +10 scimitar "Moesmasch" {holy, Will+ Int-5
                  | SInv}
  4697 | Snake:2  | Noticed Louise
  4705 | Snake:2  | Killed Louise
  4706 | Snake:2  | Reached skill level 1 in Shields
  4730 | Snake:2  | Found Qalo's Distillery.
  4733 | Snake:2  | Bought a potion of heal wounds for 90 gold pieces
  4779 | Snake:3  | Found a shimmering blue altar of Sif Muna.
  4783 | Snake:3  | Found a transporter.
  4798 | Snake:3  | Noticed a nagaraja
  4812 | Snake:3  | Killed a nagaraja
  4825 | Snake:3  | Reached XP level 15. HP: 94/146 MP: 4/21
  4866 | Snake:3  | Reached skill level 5 in Spellcasting
  4905 | Snake:3  | Reached skill level 5 in Shields
  4921 | Snake:3  | Got Incantation, Part Two
  4922 | Snake:3  | Identified the ring "Naofof Ufolu" {Will++ rCorr Str+4}
  4949 | Snake:3  | Found a transporter.
  4971 | Snake:3  | Found Vaoji's Magic Scroll Shop.
  4984 | Snake:3  | Bought a scroll of blinking for 142 gold pieces
  4984 | Snake:3  | Bought a scroll of teleportation for 57 gold pieces
  4984 | Snake:3  | Bought a scroll of teleportation for 57 gold pieces
  4984 | Snake:3  | Bought a scroll of teleportation for 57 gold pieces
  4984 | Snake:3  | Bought a scroll of teleportation for 57 gold pieces
  5028 | Snake:4  | Entered Level 4 of the Snake Pit
  5088 | Snake:4  | Identified a scroll of acquirement
  5107 | Snake:4  | Noticed a nagaraja
  5113 | Snake:4  | Killed a nagaraja
  5164 | Snake:4  | Noticed a nagaraja
  5198 | Snake:4  | Reached skill level 10 in Translocations
  5242 | Snake:4  | Noticed a nagaraja
  5250 | Snake:4  | Killed a nagaraja
  5277 | Snake:4  | Killed a nagaraja
  5316 | Snake:4  | Got a serpentine rune of Zot
  5379 | Snake:3  | Learned a level 2 spell: Wereblood
  5402 | Snake:3  | Found Falepty's Antique Armour Boutique.
  5498 | Slime:1  | Entered Level 1 of the Pits of Slime
  5501 | Slime:1  | Noticed a rockslime
  5516 | Lair:4   | Reached XP level 16. HP: 156/156 MP: 18/22
  5587 | Slime:2  | Reached skill level 15 in Shapeshifting
  5602 | Slime:3  | Noticed an acid blob
  5662 | Slime:2  | Killed an acid blob
  5704 | Slime:5  | Entered Level 5 of the Pits of Slime
  5743 | Slime:5  | Noticed an acid blob
  5746 | Slime:5  | Killed an acid blob
  5752 | Slime:5  | Noticed an acid blob
  5758 | Slime:5  | Killed an acid blob
  5758 | Slime:5  | Noticed an acid blob
  5762 | Slime:5  | Killed an acid blob
  5764 | Slime:5  | Reached skill level 13 in Unarmed Combat
  5773 | Slime:5  | Noticed an acid blob
  5778 | Slime:5  | Killed an acid blob
  5788 | Slime:5  | Noticed the Royal Jelly
  5790 | Slime:5  | Noticed an acid blob
  5790 | Slime:5  | Noticed an acid blob
  5792 | Slime:5  | Noticed an acid blob
  5793 | Slime:5  | Killed an acid blob
  5793 | Slime:5  | Killed an acid blob
  5793 | Slime:5  | Killed an acid blob
  5793 | Slime:5  | Noticed an acid blob
  5793 | Slime:5  | Noticed an acid blob
  5793 | Slime:5  | Noticed an acid blob
  5793 | Slime:5  | Noticed an acid blob
  5793 | Slime:5  | Noticed an acid blob
  5794 | Slime:5  | Killed an acid blob
  5794 | Slime:5  | Killed the Royal Jelly
  5794 | Slime:5  | Killed an acid blob
  5795 | Slime:5  | Killed an acid blob
  5795 | Slime:5  | Killed an acid blob
  5795 | Slime:5  | Killed an acid blob
  5843 | Slime:5  | Learned a level 4 spell: Passage of Golubria
  5848 | Slime:5  | Noticed an acid blob
  5851 | Slime:5  | Killed an acid blob
  5863 | Slime:5  | Identified the staff of War {rN+ Will+ Necro}
  5902 | Slime:5  | Identified the amulet "Xacawe" {Acrobat Str+4}
  5906 | Slime:5  | Got a slimy rune of Zot
  5909 | Slime:5  | Identified the +4 rapier of Ashenzari's Regard {spect,
                  | rPois rC+}
  5912 | Slime:5  | Noticed an acid blob
  5915 | Slime:5  | Killed an acid blob
  5935 | Slime:5  | Acquired a manual of Translocations
  6073 | Lair:1   | Noticed Sapher's ghost (journeyman TrSh)
  6095 | Lair:1   | Found a runed translucent gate.
  6095 | Lair:1   | Found a runed translucent gate.
  6095 | Lair:1   | Found a runed translucent gate.
  6118 | Lair:1   | Killed Sapher's ghost
  6178 | D:8      | Found a sparkling altar of Nemelex Xobeh.
  6291 | D:12     | Found Uklius's Neck Hole.
  6299 | D:12     | Bought a +2 cloak for 231 gold pieces
  6382 | D:14     | Found a gate to the Vaults.
  6392 | D:14     | Reached skill level 1 in Throwing
  6412 | D:14     | Reached XP level 17. HP: 163/163 MP: 18/25
  6419 | Vaults:1 | Entered Level 1 of the Vaults
  6574 | Vaults:1 | Reached skill level 14 in Unarmed Combat
  6817 | Vaults:3 | Reached skill level 15 in Translocations
  6868 | Vaults:3 | Reached skill level 5 in Throwing
  6940 | Vaults:3 | Found a magical portal.
  6952 | WizLab   | Entered The Roulette of Golubria
  6952 | WizLab   | Found a transporter.
  6955 | WizLab   | Found a corrupted altar of Lugonu.
  6976 | WizLab   | Found a transporter.
  6998 | WizLab   | Reached XP level 18. HP: 171/171 MP: 15/26
  7004 | WizLab   | Found a transporter.
  7004 | WizLab   | Found a transporter.
  7014 | WizLab   | Found a transporter.
  7014 | WizLab   | Found a transporter.
  7022 | WizLab   | Found a transporter.
  7022 | WizLab   | Found a transporter.
  7036 | WizLab   | Reached skill level 15 in Unarmed Combat
  7038 | WizLab   | Found a transporter.
  7038 | WizLab   | Identified the +1 cloak of Sumius {Dex+3}
  7045 | WizLab   | Identified the +2 cloak of Supple Strength {rC- rN+ Int+5}
  7046 | WizLab   | Identified the +3 cloak of Classification {rF+ rC+ Dex-4
                  | Stlth+}
  7057 | WizLab   | Found a transporter.
  7067 | WizLab   | Found a transporter.
  7072 | WizLab   | Found a transporter.
  7072 | WizLab   | Found a transporter.
  7082 | WizLab   | Identified the ring "Jaext" {Fly rCorr}
  7089 | WizLab   | Found a transporter.
  7089 | WizLab   | Found a transporter.
  7112 | WizLab   | Found a transporter.
  7112 | WizLab   | Found a transporter.
  7139 | WizLab   | Found a transporter.
  7139 | WizLab   | Found a transporter.
  7224 | Vaults:3 | You fall into a shaft and drop 1 floor!
  7235 | Vaults:5 | Entered Level 5 of the Vaults
  7245 | Vaults:5 | Noticed a dread lich
  7300 | Vaults:5 | Noticed a dread lich
  7301 | Vaults:5 | Noticed a tentacled monstrosity
  7304 | Vaults:5 | Killed a dread lich
  7314 | Vaults:5 | Killed a tentacled monstrosity
  7315 | Vaults:5 | Killed a dread lich
  7354 | Vaults:5 | Learned a level 1 spell: Apportation
  7427 | Vaults:5 | Noticed a lich
  7434 | Vaults:5 | Killed a lich
  7442 | Vaults:5 | Reached skill level 16 in Unarmed Combat
  7458 | Vaults:5 | Noticed a dread lich
  7464 | Vaults:5 | Reached XP level 19. HP: 182/182 MP: 14/28
  7465 | Vaults:5 | Killed a dread lich
  7486 | Vaults:5 | Found Behocap's Distillery.
  7494 | Vaults:5 | Bought a potion of heal wounds for 85 gold pieces
  7494 | Vaults:5 | Bought a potion of invisibility for 136 gold pieces
  7494 | Vaults:5 | Bought a potion of heal wounds for 85 gold pieces
  7515 | Vaults:5 | Got a silver rune of Zot
  7530 | Vaults:5 | Found Isheos's Distillery.
  7535 | Vaults:5 | Bought a potion of brilliance for 64 gold pieces
  7535 | Vaults:5 | Bought a potion of magic for 128 gold pieces
  7535 | Vaults:5 | Bought a potion of mutation for 128 gold pieces
  7538 | Vaults:5 | Found Bowecvio's Distillery.
  7541 | Vaults:5 | Bought a potion of heal wounds for 75 gold pieces
  7541 | Vaults:5 | Bought a potion of heal wounds for 75 gold pieces
  7541 | Vaults:5 | Bought a potion of might for 60 gold pieces
  7541 | Vaults:5 | Bought a potion of heal wounds for 75 gold pieces
  7541 | Vaults:5 | Bought 2 potions of heal wounds for 150 gold pieces
  7541 | Vaults:5 | Upgraded the game from 0.31-a0-277-g31ea1f65cc to
                  | 0.31-a0-300-g4ac5daa9c1
  7553 | Vaults:5 | Noticed a golden dragon
  7562 | Vaults:5 | Killed a golden dragon
  7563 | Vaults:5 | Reached skill level 10 in Fighting
  7623 | Vaults:5 | Noticed a dread lich
  7630 | Vaults:5 | Killed a dread lich
  7665 | Vaults:5 | Found Zaforph's Jewellery Shop.
  7665 | Vaults:5 | Found Hiumai's Jewellery Shop.
  7961 | Vaults:4 | Found Vyifaetz's General Store.
  8148 | D:15     | Entered Level 15 of the Dungeon
  8239 | D:15     | Noticed Agnes
  8243 | D:15     | Killed Agnes
  8272 | D:15     | Found a staircase to the Depths.
  8299 | D:15     | Learned a level 2 spell: Lesser Beckoning
  8300 | Depths:1 | Entered Level 1 of the Depths
  8309 | Depths:1 | Found Hadad-Baal's Dragon-Slaying Spoils.
  8472 | Depths:1 | Found a gateway to Hell.
  8532 | Depths:2 | Reached XP level 20. HP: 191/191 MP: 22/29
  8565 | Depths:2 | Found Baphuvva's Weapon Emporium.
  8586 | Depths:2 | Reached skill level 17 in Unarmed Combat
  8612 | Depths:2 | Found a one-way gate leading to the halls of Pandemonium.
  8633 | Pan      | Entered Pandemonium
  8675 | Pan      | Entered the realm of Lom Lobon.
  8777 | Pan      | Reached skill level 18 in Unarmed Combat
  8806 | Pan      | Noticed Lom Lobon
  8815 | Pan      | Killed Lom Lobon
  8838 | Pan      | Got a magical rune of Zot
  8992 | Pan      | Noticed a golden dragon
  8992 | Pan      | Noticed a golden dragon
  9047 | Pan      | Noticed Faleun the pandemonium lord
  9059 | Pan      | Killed Faleun the pandemonium lord
  9060 | Pan      | Reached skill level 19 in Unarmed Combat
  9210 | Pan      | Found a runed translucent door.
  9229 | Pan      | Reached skill level 20 in Unarmed Combat
  9229 | Pan      | Reached XP level 21. HP: 198/198 MP: 14/30
  9276 | Pan      | Noticed Daegheiwn the pandemonium lord
  9283 | Pan      | Killed Daegheiwn the pandemonium lord
  9393 | Pan      | Reached skill level 21 in Unarmed Combat
  9441 | Pan      | Found a transporter.
  9570 | Pan      | Found a transporter.
  9578 | Pan      | Identified the ring of Springtime {rC+ SInv}
  9585 | Pan      | Identified the amulet "Zuniylai" {Faith rC+ rCorr Dex-5
                  | SInv}
  9589 | Pan      | Acquired the +8 shadow dragon scales of Benevolence {Fly
                  | Int+2 Dex+2 SInv Stlth++++}
  9667 | Pan      | Noticed Egyis the pandemonium lord
  9684 | Pan      | Killed Egyis the pandemonium lord
  9685 | Pan      | Reached skill level 22 in Unarmed Combat
  9730 | Pan      | Noticed Laterauz the pandemonium lord
  9746 | Pan      | Killed Laterauz the pandemonium lord
  9984 | Pan      | Noticed Poehed the pandemonium lord
  9992 | Pan      | Killed Poehed the pandemonium lord
 10064 | Pan      | Reached XP level 22. HP: 206/206 MP: 10/33
 10107 | Pan      | Entered the realm of Cerebov.
 10308 | Pan      | Identified the ring "Yqaschad" {rC+ rN+}
 10346 | Pan      | Found the +6 sword of Cerebov {flame}
 10346 | Pan      | Noticed Cerebov
 10381 | Pan      | Killed Cerebov
 10382 | Pan      | Reached skill level 23 in Unarmed Combat
 10435 | Pan      | Got Sif Muna's Catalogue of the Overcast Icicle
 10435 | Pan      | Got Ysisiud's Vellum of Fever and the Mausoleum
 10449 | Pan      | Identified the ring of Psychosis {rElec rPois rF- Will-
                  | Int+6}
 10480 | Pan      | Got a fiery rune of Zot
 10516 | Pan      | Entered the realm of Mnoleg.
 10601 | Pan      | Noticed Mnoleg
 10625 | Pan      | Paralysed by a floating eye for 3 turns
 10632 | Pan      | Got a glowing rune of Zot
 10722 | Pan      | Entered the realm of Gloorx Vloq.
 10769 | Pan      | Noticed Gloorx Vloq
 10779 | Pan      | Killed Gloorx Vloq
 10793 | Pan      | Got a dark rune of Zot
 10845 | Pan      | Noticed Mnoleg
 10857 | Pan      | Gained mutation: Your spells are a little easier to cast,
                  | but a little less powerful. [a cacodemon]
 10865 | Pan      | Killed Mnoleg
 11000 | Pan      | Reached skill level 24 in Unarmed Combat
 11028 | Pan      | Gained mutation: You are frail. (-10% HP) [a neqoxec]
 11040 | Pan      | Gained mutation: You occasionally lose the ability to read
                  | scrolls when taking damage. [a neqoxec]
 11050 | Pan      | Noticed Riheny the pandemonium lord
 11055 | Pan      | Killed Riheny the pandemonium lord
 11056 | Pan      | Reached XP level 23. HP: 198/198 MP: 14/34
 11187 | Pan      | Found an exit through the horrors of the Abyss.
 11401 | Pan      | Noticed Zukodgh the pandemonium lord
 11409 | Pan      | Killed Zukodgh the pandemonium lord
 11482 | Pan      | Noticed Zuumnuy the pandemonium lord
 11487 | Pan      | Killed Zuumnuy the pandemonium lord
 11602 | Pan      | Got a demonic rune of Zot
 11657 | Pan      | Found an exit through the horrors of the Abyss.
 11666 | Pan      | Took an exit into the Abyss.
 11666 | Abyss:1  | Escaped into the Abyss
 11745 | Abyss:3  | Got an abyssal rune of Zot
 11778 | Abyss:3  | Paralysed by accursed screaming for 1 turns
 11780 | Depths:2 | Escaped the Abyss
 11805 | Hell     | Entered the Vestibule of Hell
 11805 | Hell     | Noticed Geryon
 11924 | Hell     | Killed Geryon
 11965 | Hell     | Lost mutation: You are frail. (-10% HP) [potion of
                  | mutation]
 11965 | Hell     | Lost mutation: Your spells are a little easier to cast, but
                  | a little less powerful. [potion of mutation]
 11965 | Hell     | Gained mutation: You have a pair of small antennae on your
                  | head. [potion of mutation]
 11999 | Hell     | Found a gateway to the Iron City of Dis.
 12010 | Dis:1    | Entered Level 1 of the Iron City of Dis
 12100 | Dis:4    | Noticed a caustic shrike
 12100 | Dis:4    | Noticed a caustic shrike
 12100 | Dis:4    | Noticed a caustic shrike
 12100 | Dis:4    | Noticed a caustic shrike
 12100 | Dis:4    | Noticed a caustic shrike
 12100 | Dis:4    | Noticed a dread lich
 12100 | Dis:4    | Noticed a caustic shrike
 12100 | Dis:4    | Noticed a caustic shrike
 12100 | Dis:4    | Noticed a caustic shrike
 12100 | Dis:4    | Noticed a caustic shrike
 12108 | Dis:4    | Killed a dread lich
 12109 | Dis:4    | Reached XP level 24. HP: 231/231 MP: 32/34
 12123 | Dis:4    | Reached skill level 25 in Unarmed Combat
 12210 | Dis:6    | Noticed a dread lich
 12212 | Dis:6    | Killed a dread lich
 12285 | Dis:7    | Entered Level 7 of the Iron City of Dis
 12517 | Dis:7    | Reached skill level 26 in Unarmed Combat
 12682 | Dis:7    | Reached XP level 25. HP: 239/239 MP: 4/34
 12773 | Dis:7    | Noticed a juggernaut
 12774 | Dis:7    | Noticed Dispater
 12777 | Dis:7    | Killed a juggernaut
 12780 | Dis:7    | Killed Dispater
 12786 | Dis:7    | Found the orb of Dispater {+Damnation *Corrode AC+5}
 12793 | Dis:7    | Identified the ring "Noyty" {+Blink rElec rPois Int+6
                  | Stlth-}
 12795 | Dis:7    | Got an iron rune of Zot
 12881 | Hell     | Found a gateway to the ashen valley of Gehenna.
 12901 | Geh:1    | Entered Level 1 of Gehenna
 12901 | Geh:1    | You fall into a shaft and drop 1 floor!
 12903 | Geh:2    | Reached skill level 27 in Unarmed Combat
 12915 | Geh:2    | Reached skill level 1 in Armour
 13024 | Geh:5    | Noticed a dread lich
 13031 | Geh:5    | Killed a dread lich
 13073 | Geh:6    | Reached skill level 5 in Armour
 13140 | Geh:7    | Entered Level 7 of Gehenna
 13360 | Geh:7    | Found the +13 sceptre of Asmodeus
 13360 | Geh:7    | Noticed Asmodeus
 13381 | Geh:7    | Killed Asmodeus
 13391 | Geh:7    | Got an obsidian rune of Zot
 13480 | Hell     | Found a gateway to the decaying netherworld of Tartarus.
 13484 | Hell     | Lost mutation: You have a pair of small antennae on your
                  | head. [potion of mutation]
 13484 | Hell     | Lost mutation: You occasionally lose the ability to read
                  | scrolls when taking damage. [potion of mutation]
 13485 | Hell     | Lost mutation: You are somewhat resistant to further
                  | mutation. [potion of mutation]
 13485 | Hell     | Gained mutation: You are frail. (-10% HP) [potion of
                  | mutation]
 13485 | Hell     | Gained mutation: You are covered in thick fur. (AC +2)
                  | [potion of mutation]
 13486 | Hell     | Lost mutation: You are frail. (-10% HP) [potion of
                  | mutation]
 13486 | Hell     | Lost mutation: You are covered in thick fur. (AC +2)
                  | [potion of mutation]
 13486 | Hell     | Gained mutation: You are clumsy. (Dex -2) [potion of
                  | mutation]
 13486 | Hell     | Gained mutation: You occasionally lose the ability to read
                  | scrolls when taking damage. [potion of mutation]
 13486 | Hell     | Gained mutation: You have hidden genetic potential. [potion
                  | of mutation]
 13487 | Hell     | Lost mutation: You occasionally lose the ability to read
                  | scrolls when taking damage. [potion of mutation]
 13487 | Hell     | Lost mutation: You are clumsy. (Dex -2) [potion of
                  | mutation]
 13487 | Hell     | Lost mutation: You have hidden genetic potential. [potion
                  | of mutation]
 13487 | Hell     | Gained mutation: You are robust. (+10% HP) [potion of
                  | mutation]
 13509 | Tar:1    | Entered Level 1 of Tartarus
 13690 | Tar:4    | Reached XP level 26. HP: 251/256 MP: 16/34
 13853 | Tar:6    | Noticed an ancient lich
 13859 | Tar:6    | Killed an ancient lich
 13861 | Tar:6    | Noticed an ancient lich
 13867 | Tar:6    | Killed an ancient lich
 13910 | Tar:7    | Entered Level 7 of Tartarus
 14161 | Tar:7    | Noticed Ereshkigal
 14176 | Tar:7    | Reached skill level 15 in Fighting
 14214 | Tar:7    | Killed Ereshkigal
 14228 | Tar:7    | Got a bone rune of Zot
 14294 | Hell     | Found a gateway to the freezing wastes of Cocytus.
 14298 | Coc:1    | Entered Level 1 of Cocytus
 14391 | Coc:2    | Paralysed by a wendigo for 1 turns
 14441 | Coc:3    | Reached skill level 10 in Shields
 14537 | Coc:4    | Reached skill level 10 in Armour
 14544 | Coc:4    | Noticed an ancient lich
 14720 | Coc:6    | Reached skill level 10 in Throwing
 14755 | Coc:7    | Entered Level 7 of Cocytus
 14771 | Coc:7    | Paralysed by a wendigo for 1 turns
 14824 | Coc:7    | Reached XP level 27. HP: 282/295 MP: 27/34
 14983 | Coc:7    | Found the +16 obsidian axe {drain, demonic, Mesm Drain Fly
                  | SInv}
 14988 | Coc:7    | Paralysed by a wendigo for 1 turns
 15059 | Coc:7    | Noticed Antaeus
 15079 | Coc:7    | Killed Antaeus
 15103 | Coc:7    | Got an icy rune of Zot
 15377 | Vaults:2 | Found Wiradas's Assorted Antiques.
 15391 | Vaults:2 | Bought a scroll of acquirement for 1300 gold pieces
 15391 | Vaults:2 | Acquired a manual of Spellcasting
 15406 | Vaults:2 | Found a runed translucent gate.
 15406 | Vaults:2 | Found a runed translucent gate.
 15406 | Vaults:2 | Found a runed translucent gate.
 15406 | Vaults:2 | Noticed Fypuno Aqar's ghost (adept DEFE)
 15422 | Vaults:2 | Killed Fypuno Aqar's ghost
 15967 | Vaults:2 | Reached skill level 10 in Spellcasting
 15984 | Vaults:2 | Found a staircase to the Crypt.
 15992 | Crypt:1  | Entered Level 1 of the Crypt
 16082 | Crypt:2  | Identified the ring "Atsuvvyo" {Ice *Corrode rPois Will++
                  | Str+3}
 16082 | Crypt:2  | Noticed Josephina
 16082 | Crypt:2  | Found a runed translucent door.
 16111 | Crypt:2  | Killed Josephina
 16127 | Crypt:2  | Noticed Caish's ghost (veteran VSSu)
 16177 | Crypt:3  | Entered Level 3 of the Crypt
 16241 | Crypt:3  | Noticed a dread lich
 16242 | Crypt:3  | Killed a dread lich
 16266 | Crypt:3  | Found a basalt altar of Yredelemnul.
 16279 | Crypt:3  | Identified the ring of Hepliaklqana's Envy {rN+ rCorr MP-9
                  | Slay+2}
 16280 | Crypt:3  | Identified the ring "Jionukh" {rF- rC+++ rN+ Str-3 Dex+3}
 16281 | Crypt:3  | Identified the ring of Zentudgh {rN+ Str+4 Stlth-}
 16345 | Crypt:3  | Found a staircase to the Tomb.
 16356 | Tomb:1   | Entered Level 1 of the Tomb of the Ancients
 16418 | Tomb:1   | Noticed a royal mummy
 16426 | Tomb:1   | Killed a royal mummy
 16430 | Tomb:1   | Noticed a royal mummy
 16435 | Tomb:1   | Killed a royal mummy
 16576 | Tomb:2   | Noticed a royal mummy
 16576 | Tomb:2   | Noticed a royal mummy
 16578 | Tomb:2   | Noticed a royal mummy
 16578 | Tomb:2   | Noticed a royal mummy
 16586 | Tomb:2   | Killed a royal mummy
 16591 | Tomb:2   | Killed a royal mummy
 16599 | Tomb:2   | Killed a royal mummy
 16664 | Tomb:3   | Entered Level 3 of the Tomb of the Ancients
 16668 | Tomb:3   | Paralysed by a Zot trap for 4 turns
 16670 | Tomb:3   | Noticed a royal mummy
 16670 | Tomb:3   | Noticed Mennas
 16672 | Tomb:3   | Noticed a royal mummy
 16673 | Tomb:3   | Noticed a royal mummy
 16675 | Tomb:3   | Paralysed by a Zot trap for 2 turns
 16675 | Tomb:3   | Noticed a royal mummy
 16675 | Tomb:3   | Noticed a royal mummy
 16675 | Tomb:3   | Noticed a royal mummy
 16675 | Tomb:3   | Noticed a royal mummy
 16677 | Tomb:3   | Noticed a royal mummy
 16684 | Tomb:3   | Noticed a royal mummy
 16686 | Abyss:5  | Cast into level 5 of the Abyss (unwielding a weapon of
                  | distortion)
 16775 | Tomb:3   | Escaped the Abyss
 16903 | Tomb:3   | Killed a royal mummy
 16922 | Tomb:3   | Killed a royal mummy
 16934 | Tomb:2   | Killed Mennas
 17029 | Tomb:3   | Got a golden rune of Zot
 17328 | Depths:4 | Entered Level 4 of the Depths
 17335 | Depths:4 | Found Haroanao's Antique Weapon Shoppe.
 17393 | Depths:4 | Found a gate to the Realm of Zot.
 17429 | Depths:4 | Noticed a juggernaut
 17433 | Depths:4 | Killed a juggernaut
 17453 | Zot:1    | Entered Level 1 of the Realm of Zot
 17699 | Zot:3    | Noticed an orb of fire
 17706 | Zot:3    | Killed an orb of fire
 18054 | Zot:5    | Entered Level 5 of the Realm of Zot
 18157 | Zot:5    | Noticed a dread lich
 18159 | Zot:5    | Noticed an ancient lich
 18164 | Zot:5    | Killed an ancient lich
 18177 | Zot:5    | Noticed an orb of fire
 18187 | Zot:5    | Killed an orb of fire
 18191 | Zot:5    | Noticed an orb of fire
 18240 | Zot:5    | Killed an orb of fire
 18293 | Zot:5    | Noticed an orb of fire
 18297 | Zot:5    | Killed an orb of fire
 18308 | Zot:5    | Noticed an orb of fire
 18314 | Zot:5    | Noticed an ancient lich
 18318 | Zot:5    | Noticed a dread lich
 18326 | Zot:5    | Killed a dread lich
 18328 | Zot:5    | Killed an ancient lich
 18330 | Zot:5    | Killed an orb of fire
 18336 | Zot:5    | Killed a dread lich
 18444 | Zot:5    | Got the Orb of Zot
 18682 | D:13     | Found a transporter.
 18682 | D:13     | Found a transporter.
 18701 | D:12     | Noticed Frances
 18705 | D:12     | Killed Frances
 18754 | D:8      | Noticed Dasixt the pandemonium lord
 18770 | D:8      | Killed Dasixt the pandemonium lord
 18934 | D:2      | zero: гг
 18962 | D:$      | Escaped with the Orb!

Illustrated notes

Levels and vault maps discovered:
D:1:      psy_arrival_basics, layout_loops_ring
D:2:      layout_rooms, dreamdust_ecumenical_altar_statues, basic_altar,
          serial_shops, nicolae_book_shop_shelving, uniq_robin
D:3:      layout_loops_ring, lemuel_crystal_altar,
          lemuel_coloured_pillars_altar, uniq_crazy_yiuf_cottage, uniq_ijyb,
          uniq_terence
D:4:      layout_rooms
D:5:      layout_gridville, nicolae_yredelemnul_ghost_church,
          gammafunk_temple_overflow_statue, serial_glass, glass_columns_c,
          glass_columns_a, uniq_menkaure
D:6:      layout_rooms, nicolae_dithmenos_the_darkroom,
          mainiacjoe_overflow_cross_hatched, temple_fountains,
          serial_co_window_serial, co_window_paths_b,
          co_window_of_opportunity_a, co_window_paths_b,
          co_window_of_opportunity_a, co_window_cross_1, co_window_paths_a,
          co_window_paths_a, co_window_of_opportunity_c, co_window_cross_3,
          co_window_cross_2, co_window_of_opportunity_b, co_window_paths_e,
          co_window_paths_d, glass_columns_c, serial_shops,
          nicolae_shop_rolled_up, uniq_grinder, uniq_blork_the_orc
D:7:      layout_loops_ring, evilmike_ruin_ashenzari, the_hattery, uniq_maggie
D:8:      cheibrodos_statue_roulette, layout_loops_corners, lemuel_doored_altar,
          lair_entry_dummy, uniq_grum
D:9:      layout_roguey, mainiacjoe_overflow_boulevard, serial_curves,
          eino_curves_02, eino_curves_03, eino_curves_02, hex_medium,
          st_stairs_3
D:10:     nzn_winding_woodlands_small [nzn_winding_woodlands_5x15_concentric,
          nzn_winding_woodlands_center_diamonds,
          nzn_winding_woodlands_5x15_cabin], layout_irregular_city,
          vehumet_altar_wand_db, grunt_temple_overflow_diamond,
          mainiacjoe_overflow_alcove_4, nicolae_concentric_dashed_squares_mild
D:11:     layout_roguey [special_room_orc], gammafunk_ghost_arena, serial_glass,
          glass_columns_a, glass_columns_b, nicolae_underground_beach,
          uniq_sonja
D:12:     layout_basic, hiddenorc1_lemuel, nicolae_shop_sticking_my_neck_out,
          uniq_frances
D:13:     layout_roguey, nicolae_diode_stairs
D:14:     layout_roguey, erik_vaults_2, serial_bayou_crossing
D:15:     gammafunk_depths_entry_grave, layout_rooms, nicolae_titane, uniq_agnes
Temple:   hellmonk_temple_two_chambers
Lair:1:   layout_regular_city, gammafunk_ghost_split
Lair:2:   layout_chaotic_city, skrybe_swamp_entry_bodies,
          infiniplex_staircase_pool_2
Lair:3:   layout_roguey, nicolae_snake_entry_warm_welcome,
          grunt_forest_large_clearing_hut, serial_bayou_shore_a,
          lemuel_fruit_fields
Lair:4:   layout_regular_city, slime_entry_1, wad_woods_06, uniq_nessos
Lair:5:   guppyfry_lair_end_dragon, layout_small_grid,
          ebering_ghost_reflecting_pool, eino_small_chamber_without_monster
Swamp:1:  layout_basic_swamp, nicolae_swamp_decorative_isthmus, uniq_roxanne
Swamp:2:  layout_falls_marsh, nicolae_swamp_trees_clearing
Swamp:3:  layout_basic_swamp, lemuel_altar_in_water, swamp_pool1,
          nicolae_swamp_round_clearing
Swamp:4:  swamp, layout_basic_swamp, swamp_pool3
Snake:1:  layout_chambers, serial_shops, shop, uniq_aizul
Snake:2:  layout_grid_shapes, nicolae_fountain_basement, minmay_shop_star,
          uniq_louise, uniq_jorgrun
Snake:3:  gammafunk_sealed_library, layout_rooms, serial_shops, shop, shop,
          shop, nicolae_shop_tiny_real_fake_doors
Snake:4:  snake_pit, layout_misc_corridors, lemuel_fruit_tree
Slime:1:  layout_caves
Slime:2:  layout_caves
Slime:3:  layout_caves
Slime:4:  layout_caves, cheibrodos_slime_lost_civilization_6
Slime:5:  slime_pit_nicolae_block_by_block
Vaults:1: nicolae_vaults_wine_cellar, nicolae_vaults_circle_grid_a,
          vaults_room_pools, nicolae_vaults_surprise_closet, v_pattern_5,
          v_rooms_1, vaults_room_fours, nicolae_vaults_offset_grid_hallway_3,
          nicolae_vaults_surprise_closet, v_misc_16, v_misc_13, v_misc_15,
          layout_vaults_maze
Vaults:2: gammafunk_ghost_split, hangedman_vaults_cutoff,
          nicolae_vaults_shock_wave, nicolae_vaults_shrinking_rooms_2,
          ontoclasm_vaults_hangar, nicolae_vaults_puzzle_piece,
          minmay_crypt_entry_vampire_xt, hangedman_vaults_corner,
          nicolae_vaults_doubleplus_tesselated, nicolae_vaults_six-pack,
          nicolae_vaults_diagonal_hallway_6, nicolae_vaults_tetromino_T_1,
          nicolae_vaults_trapezoid_lopsided_3, nicolae_vaults_house_1,
          layout_vaults_ring, serial_shops, nicolae_diamond_shop
Vaults:3: infiniplex_enter_wizlab_water, ontoclasm_vaults_ring_large,
          nicolae_vaults_c_with_doors, vaults_dpeg_spiral, vaults_room_octagon,
          grunt_vaults_funnel, nicolae_vaults_house_3, layout_vaults_quadrants
Vaults:4: nicolae_vaults_double_plus_1, hangedman_vaults_cutoff,
          hangedman_vaults_pinch, nicolae_vaults_variable_pillar_hall,
          v_misc_28, vaults_mumra_minichess_inversion, hangedman_vaults_slither,
          nicolae_vaults_security_offices_1, hangedman_vaults_impose,
          dpeg_vaults_monster_box, nicolae_vaults_offset_grid_hallway_4,
          nicolae_vaults_offset_grid_hallway_2,
          nicolae_vaults_offset_grid_hallway_1, layout_vaults_omnibox,
          serial_shops, shop, nicolae_shop_crystal, shop_statue
Vaults:5: serial_shops, uniq_margery
Crypt:1:  layout_catacombs, glass_columns_a, grunt_crypt_arrival_webbed
Crypt:2:  layout_basic, ebering_ghost_reflecting_pool, uniq_josephina
Crypt:3:  cryptofortress_bobbens
Tomb:1
Tomb:2
Tomb:3:   uniq_mennas
Depths:1: layout_gridville, grunt_hell_entry_dis_mu, fedhas_altar_3,
          solitary_fountain, nicolae_shop_dragon_depot, minmay_misc_feat_rugged,
          nicolae_the_louvre, firewood_loft
Depths:2: kb_forest_paths, layout_gridlike, serial_shops,
          nicolae_shop_bloodbath_and_beyond, rand_demon_pan_entry_1, hell_entry,
          uniq_sojobo
Depths:3: grunt_house_of_mirrors, layout_twisted_cross, enter_ziggurat_c,
          hellmouth_1, abyss_entry, minmay_misc_feat_x,
          infiniplex_staircase_zigzag_5, uniq_mara
Depths:4: grunt_zot_entry_funnels, layout_gridville, pf_hell_entry_tar_spiral,
          abyss_entry, serial_shops, nicolae_shop_tiny_real_fake_doors,
          minmay_swirly_circle, uniq_enchantress
Hell
Dis:1:    layout_gridville
Dis:2:    layout_regular_city
Dis:3:    layout_gridville
Dis:4:    layout_overlapping_boxes, nicolae_dis_metal_dragon_surprise
Dis:5:    layout_gridville
Dis:6:    layout_gridville, hangedman_dis_decor_tower
Dis:7:    dis_hangedman
Geh:1:    layout_gehenna_pools_basic
Geh:2:    nicolae_geh_split_lavaduct, layout_gehenna_lava_caves
Geh:3:    layout_gehenna_lava_caves
Geh:4:    layout_gehenna_lava_caves
Geh:5:    layout_gehenna_pools_basic, gehenna_fire_generator,
          lemuel_flamethrower_3
Geh:6:    layout_gehenna_pools_basic
Geh:7:    geh_old
Coc:1:    nicolae_hells_demon_pit, layout_cocytus_water_paths
Coc:2:    layout_cocytus_water_paths
Coc:3:    nicolae_coc_three_mouths, layout_cocytus_water_paths
Coc:4:    layout_ice_bergs
Coc:5:    layout_ice_bergs
Coc:6:    layout_ice_bergs
Coc:7:    coc_dpeg
Tar:1:    layout_cathedral_of_symmetry
Tar:2:    nicolae_tar_fifth_circle, layout_cathedral_of_symmetry,
          grunt_tartarus_stairs_gauntlet_trap
Tar:3:    layout_honeycomb
Tar:4:    nicolae_tar_tart_auras, layout_cathedral_of_symmetry
Tar:5:    layout_honeycomb
Tar:6:    hangedman_restless_catacombs
Tar:7:    tar_mu [tar_mu_maze]
Zot:1:    gammafunk_its_a_trap, layout_gridlike, gammafunk_ghost_tricky_traps
Zot:2:    layout_misc_corridors
Zot:3:    cheibrodos_zot_enchanting_chambers, layout_onion
Zot:4:    grunt_zot_stairs_faceoff, layout_gridlike, nicolae_zot_crop_circle
Zot:5:    layout_twisted_circle, lemuel_baited_zot_trap

Skill      XL: |  1  2  3  4  5  6  7  8  9 10 11 12 13 14 15 16 17 18 19 20 21 22 23 24 25 26 27 |
---------------+----------------------------------------------------------------------------------+-----
Fighting       | 2 3 4 5 6 7 8 9 10 12 14 15 24 | 24.3
Unarmed Combat | 3 4 5 6 8 9 10 11 12 13 14 16 20 22 24 26 27 | 27.0
Shapeshifting  | 4 5 7 8 9 12 14 15 16 17 19 21 | 21.0
Spellcasting   | 2 3 4 5 6 7 8 11 | 11.4
Invocations    | 3 5 7 |  7.0
Translocations | 2 4 5 10 13 15 16 19 20 | 20.5
Dodging        | 4 6 |  6.0
Shields        | 3 5 7 10 | 10.0
Throwing       | 1 5 6 10 14 | 14.1
Armour         | 6 10 | 10.0

Action                     |  1- 3 |  4- 6 |  7- 9 | 10-12 | 13-15 | 16-18 | 19-21 | 22-24 | 25-27 || total
---------------------------+-------+-------+-------+-------+-------+-------+-------+-------+-------++-------
  Melee: Unarmed           |    61 |    69 |   153 |   382 |   391 |   642 |   889 |  1032 |  2022 ||  5641
         Punch             |       |     2 |     7 |    30 |    13 |       |       |       |       ||    52
  Throw: Dart              |       |       |       |     4 |     3 |       |       |       |     4 ||    11
         Throwing net      |       |       |       |     1 |       |       |       |       |     1 ||     2
         Boomerang         |       |       |       |       |       |     1 |     1 |     6 |   245 ||   253
         Large rock        |       |       |       |       |       |       |       |       |     4 ||     4
   Cast: Passwall          |       |       |       |     4 |     2 |     1 |     3 |    10 |    24 ||    44
         Manifold Assault  |       |       |       |    11 |   154 |   259 |   341 |   400 |   661 ||  1826
         Blink             |       |       |       |     2 |     3 |     1 |     7 |     1 |    28 ||    42
         Wereblood         |       |       |       |       |     1 |     1 |       |     1 |       ||     3
         Passage of Golubr |       |       |       |       |       |    30 |   236 |   161 |   410 ||   837
         Apportation       |       |       |       |       |       |     2 |    71 |    28 |    35 ||   136
         Lesser Beckoning  |       |       |       |       |       |       |     4 |       |     9 ||    13
 Invoke: Slouch            |       |       |       |     1 |     7 |     9 |     5 |    10 |    20 ||    52
         Temporal Distorti |       |       |       |       |     1 |       |     1 |       |     2 ||     4
         Step From Time    |       |       |       |       |     1 |       |       |       |       ||     1
Ability: Begin Untransform |       |       |       |       |       |       |       |       |     2 ||     2
         Evoke Blink       |       |       |       |       |       |       |       |       |     2 ||     2
         Siphon Essence    |       |       |       |       |       |       |       |       |     1 ||     1
  Evoke: Wand              |       |       |     1 |    17 |     9 |       |     5 |     4 |     3 ||    39
         Tin of tremorston |       |       |       |       |       |       |       |       |     3 ||     3
    Use: Scroll            |     3 |     5 |     2 |    10 |    17 |    10 |    14 |    14 |    28 ||   103
         Potion            |       |     1 |       |       |     4 |     1 |     1 |    13 |     8 ||    28
   Stab: Sleeping          |       |       |     1 |       |     1 |       |     1 |       |     2 ||     5
         Paralysed         |       |       |       |     4 |       |       |       |       |       ||     4
         Distracted        |       |       |       |       |     1 |     1 |     2 |       |     2 ||     6
         Confused          |       |       |       |       |       |       |       |       |     1 ||     1
 Armour: Animal skin       |    21 |    21 |     3 |       |       |       |       |       |       ||    45
         Swamp dragon scal |       |       |    53 |   106 |     1 |       |       |       |       ||   160
         Skin              |       |       |       |       |   237 |   315 |   400 |   589 |    53 ||  1594
         Shadow dragon sca |       |       |       |       |       |       |       |       |   360 ||   360
  Dodge: Dodged            |    26 |    32 |    79 |   109 |   232 |   235 |   249 |   366 |   240 ||  1568
  Block: Tower shield      |       |       |       |       |   185 |   563 |   637 |   962 |  1143 ||  3490
   Form: Statue            |       |       |       |       |     1 |       |       |       |       ||     1
         Death             |       |       |       |       |       |       |       |       |     3 ||     3

Table legend: (Time is in decaauts)
 A = Elapsed time spent in this place.
 B = Non-inter-level travel time spent in this place.
 C = Inter-level travel time spent in this place.
 D = Time resting spent in this place.
 E = Time spent auto-exploring this place.
 F = Levels seen in this place.
 G = Mean time per level.
                   A        B        C        D        E       F      G
               +--------+--------+--------+--------+--------+-----+--------+
         Total |  32472 |  32434 |     38 |      0 |      0 | 112 |  289.9 |
       Dungeon |   5039 |   5010 |     29 |      0 |      0 |  15 |  335.9 |
        Temple |      9 |      6 |      3 |      0 |      0 |   1 |    9.0 |
          Lair |   1993 |   1993 |      0 |      0 |      0 |   5 |  398.6 |
         Swamp |   1515 |   1515 |      0 |      0 |      0 |   4 |  378.8 |
     Snake Pit |   1951 |   1951 |      0 |      0 |      0 |   4 |  487.8 |
    Slime Pits |   1115 |   1110 |      5 |      0 |      0 |   5 |  223.0 |
        Vaults |   4201 |   4201 |      0 |      0 |      0 |   5 |  840.2 |
         Crypt |    531 |    531 |      0 |      0 |      0 |   3 |  177.0 |
          Tomb |    940 |    940 |      0 |      0 |      0 |   3 |  313.3 |
        Depths |   1432 |   1432 |      0 |      0 |      0 |   4 |  358.0 |
          Hell |    336 |    336 |      0 |      0 |      0 |   1 |  336.0 |
           Dis |   1761 |   1761 |      0 |      0 |      0 |   7 |  251.6 |
       Gehenna |   1154 |   1154 |      0 |      0 |      0 |   7 |  164.9 |
       Cocytus |   1060 |   1060 |      0 |      0 |      0 |   7 |  151.4 |
      Tartarus |   1064 |   1064 |      0 |      0 |      0 |   7 |  152.0 |
           Zot |   1531 |   1531 |      0 |      0 |      0 |   5 |  306.2 |
         Abyss |    338 |    338 |      0 |      0 |      0 |   4 |   84.5 |
   Pandemonium |   5984 |   5984 |      0 |      0 |      0 |  24 |  249.3 |
        Wizlab |    509 |    509 |      0 |      0 |      0 |   1 |  509.0 |
               +--------+--------+--------+--------+--------+-----+--------+

Top non-repeatable levels by time:
Vaults:5: 1379 daAuts
   Dis:7: 1215 daAuts
Vaults:3: 949 daAuts
 Swamp:4: 834 daAuts
Vaults:2: 827 daAuts
Vaults:1: 815 daAuts
  Lair:3: 805 daAuts
 Snake:4: 798 daAuts
    D:10: 752 daAuts
   Geh:7: 675 daAuts
 Snake:3: 674 daAuts
 Slime:5: 661 daAuts
  Lair:2: 653 daAuts
Depths:1: 611 daAuts
Depths:2: 598 daAuts
